 Dungeon Crawl Stone Soup version 0.24.0-5-g267a8d59f4 (webtiles) character file.

Game seed: 806237378531322729, levelgen mode: deterministic

86 Aelig the Sneak (level 4, -4/25 HPs)
             Began as a Kobold Transmuter on Nov 1, 2019.
             Killed by divine providence
             ... invoked by an orc priest
              (15 damage)
             ... on level 3 of the Dungeon.
             The game lasted 00:04:33 (1879 turns).

Aelig the Sneak (Kobold Transmuter)                 Turns: 1879, Time: 00:04:33

Health: -4/25      AC:  2    Str:  7    XL:     4   Next: 78%
Magic:  7/7        EV: 15    Int: 15    God:
Gold:   186        SH:  0    Dex: 15    Spells: 3/7 levels left

rFire    . . .     SeeInvis .     - Unarmed
rCold    . . .     Gourm    .   (shield restricted)
rNeg     . . .     Faith    .   b - +0 robe
rPois    .         Spirit   .   (no helmet)
rElec    .         Reflect  .   (no cloak)
rCorr    .         Harm     .   (no gloves)
MR       .....                  (no boots)
Stlth    ++........             (no amulet)
HPRegen  0.08/turn              (no ring)
MPRegen  0.10/turn              (no ring)

@: appendage
A: small, horns 2, carnivore
a: End Transformation


You were on level 3 of the Dungeon.
You were completely stuffed.
You had grown temporary horns.
You visited 1 branch of the dungeon, and saw 3 of its levels.

You collected 186 gold pieces.

Inventory:

Missiles
 a - 60 arrows
Armour
 b - a +0 robe (worn)
 i - a cursed +0 leather armour
Jewellery
 o - an uncursed ring of protection from fire {unknown}
Scrolls
 c - 2 scrolls of identify {unknown}
 e - a scroll of enchant weapon {unknown}
 j - a scroll of amnesia {unknown}
 l - a scroll of teleportation {unknown}
 m - 2 scrolls of blinking {unknown}
 q - a scroll of fog {unknown}
Potions
 f - 2 potions of ambrosia {unknown}
 g - a potion of lignification {unknown}
 h - a potion of flight {unknown}
 k - a potion of degeneration {unknown}
 n - a potion of curing {unknown}
 p - a potion of might {unknown}
Comestibles
 d - 3 rations


   Skills:
 - Level 1.1 Fighting
 - Level 2.4 Dodging
 + Level 3.6 Stealth
 - Level 3.0 Unarmed Combat
 - Level 2.1 Spellcasting
 + Level 3.5 Transmutations
 + Level 0.8 Poison Magic


You had 3 spell levels left.
You knew the following spells:

 Your Spells              Type           Power        Failure   Level  Hunger
a - Beastly Appendage     Tmut           ##....       5%          1    #......
b - Spider Form           Tmut/Pois      #.........   26%         3    ###....

Your spell library contained the following spells:

 Spells                   Type           Power        Failure   Level  Hunger
 Sticks to Snakes         Tmut           ##......     8%          2    ###....
 Ice Form                 Ice/Tmut       #.......     71%         4    #####..
 Blade Hands              Tmut           ##........   82%         5    ######.


Dungeon Overview and Level Annotations

Branches:
Dungeon (3/15)

Altars:
Kikubaaqudgha
Yredelemnul


Innate Abilities, Weirdness & Mutations

You are small and have problems with some larger weapons.
You are carnivorous and can eat meat at any time.
You have a pair of horns on your head.


Message History

The orc priest is heavily wounded.
You hit the orc priest but do no damage.
The orc priest is heavily wounded.
The orc priest misses you.
You hit the orc priest.
The orc priest is severely wounded.
The orc priest invokes the aid of Beogh against you.
Beogh smites you!
You hit the orc priest but do no damage.
The orc priest is severely wounded.
The orc priest hits you but does no damage.
You hit the orc priest but do no damage.
The orc priest is severely wounded.
The orc priest misses you.
You hit the orc priest.
You kill the orc priest!
The orc priest mumbles some strange prayers to Beogh against you.
Beogh smites you!
Ouch! That really hurt!
You die... ... ..# ..####.. ....... ....[ .ob. #So

#)# #o##.#
#####@##.#.#
#..........# ##+
#.###.##.### #.. #.#
#รท##.# #.# #.# #.##.#
#.#
#.###.##.######.######
#.....................
####.################.
#.# #.


You could see an orc priest, an adder, 2 orcs and a bat.

Vanquished Creatures
  An orc priest (D:3)
  2 adders (D:2)
  2 dart slugs (D:1)
  2 giant cockroaches (D:2)
  6 goblins
  11 hobgoblins
  A ball python (D:3)
  3 bats
  3 kobolds
  4 rats
35 creatures vanquished.

Vanquished Creatures (others)
  A human (D:2)
1 creature vanquished.

Grand Total: 36 creatures vanquished

Notes
Turn   | Place    | Note
-------+----------+-------------------------------------------
     0 | D:1      | Aelig the Kobold Transmuter began the quest for the Orb.
     0 | D:1      | Reached XP level 1. HP: 12/12 MP: 3/3
   127 | D:1      | Reached skill level 1 in Stealth
   127 | D:1      | Reached XP level 2. HP: 16/16 MP: 3/5
   904 | D:2      | Found a basalt altar of Yredelemnul.
   929 | D:2      | Reached XP level 3. HP: 20/20 MP: 4/6
  1399 | D:2      | Found an ancient bone altar of Kikubaaqudgha.
  1408 | D:2      | Noticed a human
  1410 | D:2      | Killed a human
  1467 | D:2      | Reached XP level 4. HP: 25/25 MP: 7/7
  1659 | D:2      | Learned a level 3 spell: Spider Form
  1879 | D:3      | Killed from afar by an orc priest

Levels and vault maps discovered:
D:1:      tarquinn_simple_flora_water_e, layout_basic, kennysheep_pointless_box
D:2:      layout_basic, yredelemnul_altar_generic, tgw_kikubaaqudgha
D:3:      layout_loops_ring, chequers_serial_rivers_large_a, minivault_19,
          kennysheep_generic_room_5, uniq_terence

Skill      XL: |  1  2  3 |
---------------+----------+-----
Stealth        | 1 2 3 |  3.6
Transmutations | 3 |  3.5
Fighting       | |  1.1
Dodging        | |  2.4
Unarmed Combat | |  3.0
Spellcasting   | |  2.1
Poison Magic   | |  0.8

Action                   |  1- 3 |  4- 6 || total
-------------------------+-------+-------++-------
Melee: Unarmed           |    90 |    45 ||   135
       Headbutt          |     6 |     2 ||     8
       Punch             |     2 |       ||     2
       Kick              |     7 |     2 ||     9
 Cast: Beastly Appendage |    13 |     7 ||    20
 Stab: Sleeping          |     1 |       ||     1
  Eat: Chunk             |    10 |     2 ||    12
Armor: Robe              |     9 |     5 ||    14
Dodge: Dodged            |    70 |    26 ||    96
